 Dungeon Crawl Stone Soup version 0.19.3-1-g3169bf9 (webtiles) character file.

429 Naow the Conjurer (level 6, 0/32 HPs)
             Began as a Deep Elf Conjurer on Jan 25, 2017.
             Shot with an arrow by a centaur (4 damage)
             ... on level 5 of the Dungeon.
             The game lasted 00:07:33 (5462 turns).

Naow the Conjurer (Deep Elf Conjurer)               Turns: 5462, Time: 00:07:34

Health: 0/32       AC:  2    Str:  5    XL:     6   Next: 66%
Magic:  1/16       EV: 10    Int: 22    God:
Gold:   247        SH:  0    Dex: 15    Spells: 5 memorised, 0 levels left

rFire  . . .     SeeInvis .     (no weapon)
rCold  . . .     Gourm    .     a - +0 robe
rNeg   . . .     Faith    .     (no shield)
rPois  +         Spirit   .     (no helmet)
rElec  .         Reflect  .     (no cloak)
rCorr  .         Harm     .     (no gloves)
MR     .....                    (no boots)
Stlth  ++........               (no amulet)
                                q - ring of poison resistance
                                w - -3 ring of evasion (curse)

@: no status effects
A: no striking features
a: no special abilities


You were on level 5 of the Dungeon.
You were not hungry.

You visited 1 branch of the dungeon, and saw 5 of its levels.

You collected 247 gold pieces.

Inventory:

Armour
 a - a +0 robe (worn)
Jewellery
 q - a ring of poison resistance (right hand)
 u - an uncursed ring of resist corrosion
 w - a cursed -3 ring of evasion (left hand)
Scrolls
 d - 8 scrolls of identify
 v - a scroll of blinking {unknown}
Potions
 e - 2 potions of resistance {unknown}
 g - 3 potions of might
 i - a potion of lignification {unknown}
 k - 2 potions of heal wounds {unknown}
 n - 2 potions of cancellation {unknown}
 o - a potion of curing
Books
 b - a book of Conjurations

   Spells                             Type                      Level
   a - Magic Dart                     Conjuration                  1
   b - Searing Ray                    Conjuration                  2
   c - Dazzling Spray                 Conjuration/Hexes            3
   d - Fulminant Prism                Conjuration/Hexes            4
   e - Iskenderun's Mystic Blast      Conjuration                  4
   f - Iskenderun's Battlesphere      Conjuration/Charms           5
 l - a book of Maledictions

   Spells                             Type                      Level
   a - Corona                         Hexes                        1
   b - Ensorcelled Hibernation        Hexes/Ice                    2
   c - Confuse                        Hexes                        3
   d - Tukima's Dance                 Hexes                        3
   e - Dazzling Spray                 Conjuration/Hexes            3
Comestibles
 c - 4 bread rations
 j - 2 slices of pizza
 m - a beef jerky
 p - 2 fruits


   Skills:
 - Level 2.4 Dodging
 - Level 2.4 Stealth
 + Level 5.9 Spellcasting
 - Level 6.8 Conjurations
 + Level 1.0 Hexes
 * Level 4.0 Charms


You couldn't memorise any spells.
You knew the following spells:

 Your Spells              Type           Power        Failure   Level  Hunger
a - Magic Dart            Conj           ####         1%          1    None
b - Searing Ray           Conj           #####.       1%          2    None
c - Iskenderun's Battles  Conj/Chrm      ####....     34%         5    #####..
d - Iskenderun's Mystic   Conj           #####...     8%          4    ###....
e - Fulminant Prism       Conj/Hex       ###.......   21%         4    ###....


Dungeon Overview and Level Annotations

Branches:
Dungeon (5/15)
 Temple: D:4-7

Altars:

Annotations:
D:2 Robin


Message History

Confirm with . or Enter, or press ? or * to list all spells.
Aiming: Iskenderun's Mystic Blast
Press: ? - help, Shift-Dir - straight line, f/p - centaur
Aim: a centaur (heavily wounded)
The orb of energy misses the centaur.
The orb of energy explodes!
The centaur closely misses you.
Casting: Iskenderun's Mystic Blast
Confirm with . or Enter, or press ? or * to list all spells.
Aiming: Iskenderun's Mystic Blast
Press: ? - help, Shift-Dir - straight line, f/p - centaur
Aim: a centaur (heavily wounded)
The orb of energy hits the centaur.
The centaur is almost dead.
The orb of energy explodes!
The centaur hits you.
* * * LOW HITPOINT WARNING * * *
The centaur barely misses you.
Found 2 tomahawks.
The centaur wields an uncursed shortbow.
The centaur shoots an arrow.
The arrow hits you.
You die...

#.....# #... ***** ####.....#
#... ,,,,* #.....^..# #...
,,,,**########.##.....########...
,,,>,,...[.......................
,,,,,,.....c..(..................
,,,,**######.#.#..#(#############
***,* #.#c##.#.# *,* #.#..@.#.#
*,* *#....###.# *,* #......,..#
*,******#.....#####
*,,,,,,.......#* ******####.....*
*,,,,,,#.....* *****,,,,,,..(...*
,,,*******,*,,,,,*


You could see a centaur.

Vanquished Creatures
  An ogre (D:4)
  Terence (D:2)
  3 iguanas
  3 worker ants
  A hound skeleton (D:4)
  4 gnolls (D:5)
  6 adders
  An adder skeleton (D:4)
  An adder zombie (D:5)
  A dart slug (D:2)
  3 leopard geckos
  2 orcs
  3 giant cockroaches
  7 hobgoblins
  3 jackals (D:3)
  2 quokkas (D:2)
  A bat (D:2)
  9 frilled lizards
  9 goblins
  8 kobolds
  5 rats
74 creatures vanquished.

Vanquished Creatures (others)
  A fulminant prism (D:5)
1 creature vanquished.

Grand Total: 75 creatures vanquished

Notes
Turn   | Place    | Note
-------+----------+-------------------------------------------
     0 | D:1      | Naow the Deep Elf Conjurer began the quest for the Orb.
     0 | D:1      | Reached XP level 1. HP: 10/10 MP: 6/6
   514 | D:1      | Reached XP level 2. HP: 15/15 MP: 5/8
   827 | D:2      | Reached skill level 5 in Conjurations
  1145 | D:2      | Noticed Robin
  1147 | D:2      | Noticed Terence
  1216 | D:1      | Reached XP level 3. HP: 8/19 MP: 0/10
  1812 | D:1      | Learned a level 2 spell: Searing Ray
  2078 | D:2      | Killed Terence
  2078 | D:2      | Reached XP level 4. HP: 15/24 MP: 1/12
  3344 | D:3      | Found a faded altar of an unknown god.
  3361 | D:3      | Reached skill level 6 in Conjurations
  3735 | D:4      | Reached XP level 5. HP: 17/28 MP: 2/14
  3863 | D:4      | Noticed an ogre
  3868 | D:4      | Killed an ogre
  3868 | D:4      | Reached skill level 5 in Spellcasting
  3875 | D:4      | Learned a level 5 spell: Iskenderun's Battlesphere
  3880 | D:4      | Learned a level 4 spell: Iskenderun's Mystic Blast
  4037 | D:4      | Reached skill level 1 in Charms
  4118 | D:4      | Reached XP level 6. HP: 32/32 MP: 10/16
  4297 | D:4      | Learned a level 4 spell: Fulminant Prism
  4694 | D:5      | Entered Level 5 of the Dungeon
  5263 | D:5      | Reached skill level 1 in Hexes
  5462 | D:5      | Shot with an arrow by a centaur

Skill      XL: |  1  2  3  4  5  6 |
---------------+-------------------+-----
Conjurations   | 5 6 |  6.8
Spellcasting   | 4 5 |  5.9
Charms         | 2 4 |  4.0
Hexes          | 1 |  1.0
Dodging        | |  2.4
Stealth        | |  2.4

Action                   |  1- 3 |  4- 6 || total
-------------------------+-------+-------++-------
Melee: Unarmed           |     7 |     1 ||     8
 Cast: Magic Dart        |    77 |   113 ||   190
       Searing Ray       |     4 |     6 ||    10
       Iskenderun's Myst |       |     6 ||     6
       Fulminant Prism   |       |     1 ||     1
  Use: Scroll            |       |     6 ||     6
  Eat: Chunk             |     3 |    11 ||    14
Armor: Robe              |     9 |     2 ||    11
Dodge: Dodged            |    29 |    14 ||    43
